AoeStats
← joshuavletten

Arena

509053472Analyzed
2v2 RM · 9d ago on Sep 25, 2026· 33m 35s· 4 players
Game mode
Random Map
Map size
Medium (4 player)
Population
200
Speed
Normal
Resources
Standard
Victory
Conquest
Starting age
Dark Age
Ending age
Imperial Age
RankedLock teamsTeams togetherTeam positionsShared explorationLock speedFull tech treeHidden civsTurbo modeCheats
Victory
Defeat
705
+8
🇬🇧 Franks · United Kingdom
619
+10
🇹🇷 Spanish · Türkiye
502
-17
🇹🇷 Huns · Türkiye
499
-17
John Blackthorne
11:31 Feudal Age
11:54 Loom
13:06 Wheelbarrow
18:45 Double-Bit Axe
18:54 Gold Mining
25:19 Castle Age
23:05 Town Watch
23:44 Padded Archer Armor
25:17 Horse Collar
27:19 Thumb Ring
27:33 Stone Mining
31:51 Hand Cart
RYDER
4:24 Loom
11:51 Feudal Age
13:11 Wheelbarrow
12:22 Town Watch
12:28 Horse Collar
13:25 Double-Bit Axe
22:04 Scale Barding Armor
21:59 Scale Mail Armor
21:59 Padded Archer Armor
21:50 Fletching
22:11 Forging
22:09 Arson
21:45 Man-at-Arms
25:47 Castle Age
26:39 Bloodlines
26:34 Gold Mining
26:35 Stone Mining
27:06 Bow Saw
27:00 Heavy Plow
29:29 Iron Casting
29:51 Gold Shaft Mining
30:25 Elite Skirmisher
30:26 Crossbowman
30:30 Pikeman
32:05 Sanctity
31:47 Devotion
joshuavletten
1:21 Loom
2:11 Loom
14:23 Feudal Age
15:33 Double-Bit Axe
21:02 Castle Age
19:24 Scale Barding Armor
19:19 Padded Archer Armor
19:48 Gold Mining
19:49 Stone Mining
20:25 Scale Mail Armor
22:03 Bow Saw
31:18 Gold Shaft Mining
31:46 Ordonnance Companies
黑森林第一巴图鲁
0:46 Loom
12:00 Feudal Age
13:13 Horse Collar
14:11 Wheelbarrow
13:25 Double-Bit Axe
19:34 Castle Age
20:36 Town Watch
20:53 Heavy Plow
21:12 Bow Saw
23:56 Heavy Plow
24:43 Fletching
27:23 Stone Mining
27:23 Gold Mining
33:47 Imperial Age
32:46 Forging
32:37 Padded Archer Armor
33:32 Hand Cart
34:29 Stone Shaft Mining
Connection lost

Rejoining the realm…

Still unreachable

The connection could not be restored.

Session expired

The server has moved on; the page needs a fresh start.